 Dungeon Crawl Stone Soup version 0.18-a0-1390-gc02854d (webtiles) character file.

45221 Canard the Cruncher (level 13, -16/113 HPs)
             Began as a Demigod Wanderer on Feb 23, 2016.
             Demolished by a spriggan rider
             ... wielding a +0 spear
              (28 damage)
             ... on level 8 of the Lair of Beasts.
             The game lasted 01:42:27 (31956 turns).

Canard the Cruncher (Demigod Wanderer)             Turns: 31956, Time: 01:42:28

Health: -16/113    AC: 17    Str: 13    XL:     13   Next: 61%
Magic:  2/22       EV: 24    Int: 22    God:
Gold:   1269       SH:  0    Dex: 25    Spells: 3 memorised, 12 levels left

rFire  + . .     SeeInvis .     a - +1 quarterstaff (protect)
rCold  + . .     Gourm    .     Z - +2 robe {rC+ rF+}
rNeg   . . .     Faith    .     (shield currently unavailable)
rPois  .         Spirit   .     (helmet restricted)
rElec  .         Dismiss  +     V - +1 cloak
rCorr  .         Reflect  .     K - +1 pair of gloves
SustAt +         Harm     .     U - +2 pair of boots
MR     +....                    I - amulet of dismissal
Stlth  ++........               N - +4 ring of intelligence
                                l - +1 ring of protection

@: about to teleport, very slightly contaminated, somewhat resistant to hostile
enchantments, unstealthy
A: horns 1, high mp 1, sense surroundings 1, strong 1, sustain attributes
a: no special abilities


You were on level 8 of the Lair of Beasts.
You were not hungry.

You visited 2 branches of the dungeon, and saw 20 of its levels.
You visited the Abyss 1 time.
You also visited: Ossuary.

You collected 1269 gold pieces.


Innate Abilities, Weirdness & Mutations

You have an increased reservoir of magic (+10% MP).
Your attributes are resistant to harm.
You have a pair of small horns on your head.
You passively map a small area around you.
Your muscles are strong. (Str +2)


   Skills:
 - Level 10.0 Fighting
 - Level 14.0 Staves
 - Level 1.0 Throwing
 - Level 2.0 Armour
 - Level 11.0 Dodging
   Level 1.0 Shields
 - Level 3.7 Spellcasting
 - Level 4.6 Conjurations
 + Level 4.5 Charms
   Level 1.0 Earth Magic
 - Level 3.3 Poison Magic
 - Level 3.7 Evocations


You had 12 spell levels left.
You knew the following spells:

 Your Spells              Type           Power        Failure   Level  Hunger
a - Sting                 Conj/Pois      ###.         2%          1    None
b - Mephitic Cloud        Conj/Pois/Air  ###.....     12%         3    ###....
c - Regeneration          Chrm/Necr      ##........   14%         3    ###....

Action                   |  1- 3 |  4- 6 |  7- 9 | 10-12 | 13-15 || total
-------------------------+-------+-------+-------+-------+-------++-------
Melee: Quarterstaff      |    78 |   322 |   567 |  1710 |   752 ||  3429
 Cast: Sting             |    31 |    17 |   138 |   142 |     7 ||   335
       Mephitic Cloud    |       |     2 |    28 |    52 |    10 ||    92
       Regeneration      |       |       |       |       |     9 ||     9
Evoke: Wand              |       |     1 |       |     7 |       ||     8
  Use: Potion            |       |     5 |       |    11 |     3 ||    19
       Scroll            |       |     4 |    10 |    13 |     2 ||    29
 Stab: Sleeping          |     2 |       |     9 |     7 |     4 ||    22
       Confused          |       |     1 |    17 |    32 |     9 ||    59
       Distracted        |       |     1 |     3 |     3 |     2 ||     9
  Eat: Chunk             |     3 |    10 |    28 |    58 |    17 ||   116
       Pizza             |       |     1 |       |       |       ||     1
       Beef jerky        |       |       |     1 |       |       ||     1
       Fruit             |       |       |       |     6 |       ||     6

Inventory:

Hand Weapons
 a - a +1 quarterstaff of protection (weapon)
   (You found it on level 2 of the Dungeon)
 b - a +0 blowgun
   (You took it off a kobold on level 3 of the Dungeon)
 J - the +6 dagger of Crawling {antimagic, +Fly rF+++ rC- SInv}
   (You found it on level 4 of the Dungeon)

   It disrupts the flow of magical energy around spellcasters and certain
   magical creatures (including the wielder).
   It renders you almost immune to fire.
   It makes you vulnerable to cold.
   It lets you see invisible.
   It lets you fly.
 M - the +5 scimitar of Chaos {slice, rN+++ MR- Str+4}
   (You found it on level 6 of the Dungeon)

   It inflicts extra damage upon your enemies.
   It affects your strength (+4).
   It renders you almost immune to negative energy.
   It affects your resistance to hostile enchantments.
Missiles
 w - 8 curare-tipped needles
 x - 87 poisoned needles
 y - 4 tomahawks
 A - 8 needles of confusion
 S - 3 throwing nets (quivered)
Armour
 K - a +1 pair of gloves (worn)
   (You found it on level 4 of the Dungeon)
 U - a +2 pair of boots (worn)
   (You found it on level 10 of the Dungeon)
 V - a +1 cloak (worn)
   (You found it on level 8 of the Dungeon)
 Z - a +2 robe of resistance (worn)
   (You took it off Psyche on level 8 of the Dungeon)
Jewellery
 e - an uncursed amulet of guardian spirit
   (You found it on level 1 of the Dungeon)
 l - a +1 ring of protection (left hand)
   (You found it on level 3 of the Dungeon)
 I - an amulet of dismissal (around neck)
   (You found it on level 4 of the Dungeon)
 N - a +4 ring of intelligence (right hand)
   (You took it off an orc on level 8 of the Dungeon)
Wands
 c - a wand of lightning (0/15)
   (You found it on level 8 of the Dungeon)
 h - a wand of lightning (9/15)
   (You found it on level 5 of the Lair of Beasts)
 u - a wand of hasting (3/9)
   (You took it off Dowan on level 7 of the Dungeon)
 X - a wand of lightning (6/15)
   (You found it on level 4 of the Lair of Beasts)
Scrolls
 d - 2 scrolls of magic mapping
 k - 3 scrolls of fog {unknown}
 n - 5 scrolls of remove curse
 z - 6 scrolls of teleportation
 C - 6 scrolls of identify
 F - a scroll of recharging
 Y - a scroll of blinking
Potions
 r - 2 potions of flight
 s - 8 potions of magic
 v - 4 potions of lignification
 B - a potion of resistance
 E - a potion of might
 G - a potion of agility
 O - a potion of haste
 W - a potion of brilliance
Books
 j - a book of Necromancy
   (You found it on level 5 of the Lair of Beasts)

   Spells                             Type                      Level
   a - Pain                           Necromancy                   1
   b - Animate Skeleton               Necromancy                   1
   c - Vampiric Draining              Necromancy                   3
   d - Regeneration                   Charms/Necromancy            3
   e - Animate Dead                   Necromancy                   4
   f - Control Undead                 Necromancy                   4
 o - a book of Air
   (You found it on level 6 of the Lair of Beasts)

   Spells                             Type                      Level
   a - Shock                          Conjuration/Air              1
   b - Swiftness                      Charms/Air                   2
   c - Repel Missiles                 Charms/Air                   2
   d - Static Discharge               Conjuration/Air              3
   e - Lightning Bolt                 Conjuration/Air              5
 p - a book of Envenomations
   (You found it on level 6 of the Lair of Beasts)

   Spells                             Type                      Level
   a - Spider Form                    Transmutation/Poison         3
   b - Olgreb's Toxic Radiance        Poison                       4
   c - Alistair's Intoxication        Transmutation/Poison         5
   d - Poisonous Cloud                Conjuration/Poison/Air       6
Miscellaneous
 q - a disc of storms
   (You found it on level 11 of the Dungeon)
 D - a box of beasts
   (You found it on level 3 of the Lair of Beasts)
Comestibles
 f - 15 bread rations
 g - 3 royal jellies
 i - 12 beef jerkies
 m - a slice of pizza
 H - a meat ration
 L - 28 fruits
 P - 2 chunks of flesh


Message History

Your amulet of dismissal vibrates suddenly!
You are lethally poisoned!
The redback poisons you!
The redback disappears!
The spriggan rider barely misses you.
Huge Dmg: -6%(-7hp) hp: 16%(17hp) Unknown command.
Casting: Regeneration
Confirm with . or Enter, or press ? or * to list all spells.
Okay, then.
Unknown command.
* * * LOW HITPOINT WARNING * * *
You feel very sick.
The spriggan rider hits you from afar with a spear!
* * * LOW HITPOINT WARNING * * *
Huge Dmg: -15%(-16hp) hp: 1%(1hp) Unknown command.
Drink which item? (? for menu, Esc to quit)
You feel better.
The spriggan rider hits you from afar with a spear!!
You die...

* ♣. ♣♣)♣
♣..* ♣)♣♣
♣.♣♣♣.♣ ,
*♣..).♣ * *
♣...÷♣ ,,
♣♣♣..♣ *
♣†.♣♣ * , ,
♣♣♣♣♣♣..♣♣
,
♣@..♣)...♣
♣.§...)..♣
* ,
♣.i..♣...♣
* ,
♣...♣♣♣..♣*
**, **
**♣♣!.♣
♣♣..♣ ,
♣♣♣♣ ♣♣...
, * .....*
, ,.♣♣♣♣ *
* , .♣

Dungeon Overview and Level Annotations

Branches:
Dungeon (12/15)            Temple (0/1) D:4            Lair (8/8) D:10
  Swamp (0/4) Lair:4        Snake (0/4) Lair:3        Slime (0/6) Lair:6
    Orc (0/2) D:9

Shops:
D:5 :   D:8 :   D:9 *

Annotations:
D:8 Erolcha
D:10 Nergalle
Lair:7 Nessos

Table legend:
 A = Turns spent in this place as a percentage of turns spent in the entire game.
 B = Non-inter-level travel turns spent in this place as a percentage of non-inter-level travel turns spent in the entire game.
 C = Inter-level travel turns spent in this place as a percentage of turns spent in this place.
 D = Turns resting spent in this place as a percentage of non-inter-level travel turns spent in this place.
 E = Turns spent auto-exploring this place as a percentage of non-inter-level travel turns spent in this place.
 F = Non-inter-level travel turns spent in this place divided by the number of levels of this place that you've seen.
                   A       B       C       D       E      F
               +-------+-------+-------+-------+-------+----------------------
         Total | 100.0 | 100.0 |   0.4 |   4.0 |   5.7 | 467.6
       Dungeon |  62.0 |  62.0 |   0.4 |   4.3 |   6.0 | 531.4
          Lair |  34.7 |  34.7 |   0.5 |   3.7 |   5.8 | 446.6
         Abyss |   0.7 |   0.7 |   0.0 |   0.0 |   0.0 |  71.0
       Ossuary |   2.6 |   2.6 |   0.0 |   1.1 |   0.4 | 266.0
               +-------+-------+-------+-------+-------+----------------------

Table legend:
 A = Kills in this place as a percentage of kills in entire the game.
 B = Kills by you in this place as a percentage of kills by you in the entire game.
 C = Kills by friends in this place as a percentage of kills by friends in the entire game.
 D = Other kills in this place as a percentage of other kills in the entire game.
 E = Experience gained in this place as a percentage of experience gained in the entire game.
 F = Experience gained in this place divided by the number of levels of this place that you have seen.
                   A       B       C       D       E      F
               +-------+-------+-------+-------+-------+----------------------
         Total | 100.0 | 100.0 |  -nan | 100.0 | 100.0 | 2936.5
       Dungeon |  60.6 |  60.4 |  -nan |  72.7 |  38.6 | 2077.8
          Lair |  35.6 |  35.7 |  -nan |  27.3 |  61.0 | 4927.9
       Ossuary |   3.8 |   3.9 |  -nan |   0.0 |   0.4 | 245.0
               +-------+-------+-------+-------+-------+----------------------
You could see a spriggan rider.

Vanquished Creatures
  3 hydras
  5 spriggans
  An unseen horror (D:10)
  3 hill giants
  A cyclops (D:9)
  A griffon (Lair:6)
  An ugly thing (D:9)
  Maurice (D:8)
  3 elephants (Lair:5)
  Psyche (D:8)
  A torpor snail (Lair:5)
  A black mamba (Lair:2)
  9 spiny frogs
  5 komodo dragons
  A fire drake (Lair:4)
  2 spriggan druids (Lair:8)
  2 trolls
  7 polar bears
  A two-headed ogre (D:9)
  15 blink frogs
  6 redbacks (Lair:8)
  52 yaks
  2 wyverns
  A wraith (Ossuary)
  3 basilisks
  A human (D:7)
  2 fire elementals (Lair:3)
  3 vampire mosquitoes (D:12)
  7 hippogriffs
  A hungry ghost (D:11)
  23 wolves
  4 nagas (Lair:3)
  11 porcupines
  10 water moccasins
  Duvessa (D:7)
  13 orc warriors
  11 ice beasts
  5 sky beasts
  2 black bears
  A necrophage (D:9)
  A wasp (Lair:2)
  9 ogres
  6 centaurs
  14 crocodiles
  8 big kobolds
  A gnoll sergeant (D:9)
  Blork the orc (D:4)
  19 giant frogs
  A scorpion (D:8)
  A water moccasin skeleton (D:9)
  A wyvern skeleton (D:11)
  Dowan (D:7)
  A killer bee (D:6)
  10 wights
  2 electric eels
  A giant frog zombie (D:4)
  A lava snake (Lair:3)
  8 crimson imps
  A quasit (D:9)
  A centaur skeleton (D:7)
  3 centaur zombies
  A gnoll shaman (D:7)
  9 orc wizards
  5 orc priests
  4 giant frog skeletons
  8 hounds
  2 jellies (D:9)
  8 iguanas
  5 worker ants
  9 hell rats
  3 sheep (D:7)
  A centaur simulacrum (D:9)
  A giant frog simulacrum (D:9)
  A hound zombie (D:5)
  A hound skeleton (D:9)
  A mummy (Ossuary)
  A killer bee simulacrum (D:9)
  5 worker ant zombies
  16 gnolls
  12 adders
  46 river rats
  2 shadow imps
  6 white imps (D:9)
  5 ufetubi (D:9)
  2 oozes
  5 adder zombies (D:4)
  2 adder simulacra (D:9)
  7 giant geckos
  65 orcs
  4 giant cockroaches
  9 goblins
  15 hobgoblins
  17 jackals
  2 ball pythons
  13 bats
  2 giant gecko skeletons
  3 giant gecko zombies
  3 giant newts
  8 gnoll skeletons (Ossuary)
  34 kobolds
  5 kobold skeletons (Ossuary)
  12 orc skeletons (Ossuary)
  A quokka skeleton (D:7)
  2 quokka zombies
  25 rats
702 creatures vanquished.

Vanquished Creatures (others)
  A hippogriff (D:9)
  8 fungi
  3 plants
12 creatures vanquished.

Grand Total: 714 creatures vanquished

Notes
Turn   | Place    | Note
--------------------------------------------------------------
     0 | D:1      | Canard the Demigod Wanderer began the quest for the Orb.
     0 | D:1      | Canard set off with: a Young Poisoner's Handbook, the Disquisition on Weightlessness, a +0 quarterstaff, a +0 robe, a bread ration
     0 | D:1      | Reached XP level 1. HP: 16/16 MP: 4/4
     0 | D:1      | Identified the Disquisition on Weightlessness
     2 | D:1      | Learned a level 1 spell: Sting
   418 | D:1      | Reached skill level 2 in Staves
   707 | D:2      | Reached XP level 2. HP: 11/23 MP: 0/5
   892 | D:2      | Found a stormy altar of Qazlal.
  1137 | D:2      | Reached XP level 3. HP: 26/28 MP: 6/6
  1242 | D:2      | Found a glowing golden altar of the Shining One.
  1515 | D:3      | Reached skill level 1 in Armour
  1515 | D:3      | Reached skill level 1 in Conjurations
  1735 | D:3      | Reached XP level 4. HP: 30/35 MP: 0/8
  2084 | D:3      | Learned a level 3 spell: Mephitic Cloud
  2112 | D:3      | Found a shimmering altar of Xom.
  2350 | D:3      | Found a faded altar to an unknown god.
  2475 | D:3      | Found a burning altar of Makhleb.
  2477 | D:3      | Noticed a balrug
  2516 | D:3      | Noticed a smoke demon
  2516 | D:3      | Noticed a neqoxec
  2574 | D:3      | Reached XP level 5. HP: 40/40 MP: 4/9
  2584 | D:3      | Found a blossoming altar of Fedhas.
  3372 | D:4      | Found a sand-covered staircase.
  3379 | Ossuary  | Entered an ossuary
  3379 | Ossuary  | Noticed a wraith
  3379 | Ossuary  | Noticed a wraith
  3379 | Ossuary  | Noticed a wraith
  3414 | Ossuary  | Gained mutation: You passively map a small area around you. [potion of mutation]
  3414 | Ossuary  | Gained mutation: You have a pair of small horns on your head. [potion of mutation]
  3414 | Ossuary  | Gained mutation: Your muscles are strong. (Str +2) [potion of mutation]
  3721 | Ossuary  | Noticed a wraith
  3761 | Ossuary  | Killed a wraith
  3761 | Ossuary  | Reached XP level 6. HP: 37/47 MP: 0/10
  3812 | D:4      | Found a white marble altar of Elyvilon.
  3829 | D:4      | Got an iridescent dagger
  3830 | D:4      | Identified the +6 dagger of Crawling {antimagic, +Fly rF+++ rC- SInv} (You found it on level 4 of the Dungeon)
  3833 | D:4      | Found an iron altar of Okawaru.
  3868 | D:4      | Found a staircase to the Ecumenical Temple.
  4163 | D:4      | Reached skill level 3 in Staves
  4411 | D:4      | Found a basalt altar of Yredelemnul.
  4517 | D:4      | Reached skill level 4 in Staves
  4877 | D:5      | Entered Level 5 of the Dungeon
  4886 | D:5      | Noticed Blork the orc
  4938 | D:5      | Reached XP level 7. HP: 36/52 MP: 6/11
  5214 | D:4      | Killed Blork the orc
  5303 | D:5      | Found a shimmering altar of Xom.
  5385 | D:5      | Reached skill level 5 in Staves
  5862 | D:5      | Reached skill level 6 in Staves
  6024 | D:5      | Found Peggyble's Book Emporium.
  6382 | D:5      | Found a shattered altar of Ashenzari.
  6594 | D:5      | Reached XP level 8. HP: 59/59 MP: 12/12
  6600 | D:5      | Reached skill level 7 in Staves
  7482 | D:6      | Reached skill level 8 in Staves
  7487 | D:6      | Got a bloodstained scimitar
  7488 | D:6      | Identified the +5 scimitar of Chaos {slice, rN+++ MR- Str+4} (You found it on level 6 of the Dungeon)
  8151 | D:7      | Reached skill level 9 in Staves
  8163 | D:7      | Noticed Dowan
  8166 | D:7      | Noticed Duvessa
  8173 | D:7      | Killed Dowan
  8214 | D:7      | Killed Duvessa
  8893 | D:7      | Reached XP level 9. HP: 57/64 MP: 3/13
  9107 | D:7      | Reached skill level 10 in Staves
  9369 | D:8      | Found a white marble altar of Elyvilon.
  9397 | D:8      | Noticed Maurice
  9421 | D:8      | Killed Maurice
  9526 | D:8      | Reached skill level 11 in Staves
  9870 | D:8      | Found an ancient bone altar of Kikubaaqudgha.
  9945 | D:8      | Noticed Psyche
 10156 | D:8      | Killed Psyche
 10206 | D:8      | Found Owaycweng's Book Shop.
 10452 | D:8      | Noticed Erolcha
 10452 | D:8      | Cast into level 2 of the Abyss (Erolcha)
 10481 | Abyss:2  | Noticed a starcursed mass
 10491 | Abyss:2  | Noticed an ancient zyme
 10524 | D:8      | Escaped the Abyss
 10774 | D:9      | Reached skill level 12 in Staves
 10997 | D:9      | Reached XP level 10. HP: 46/73 MP: 14/14
 11124 | D:9      | Found a shadowy altar of Dithmenos.
 12682 | D:8      | Found a sparkling altar of Nemelex Xobeh.
 13000 | D:9      | Reached skill level 5 in Fighting
 13007 | D:9      | Noticed a cyclops
 13839 | D:9      | Killed a cyclops
 14352 | D:9      | Found a staircase to the Orcish Mines.
 14417 | D:10     | Entered Level 10 of the Dungeon
 14783 | D:9      | Reached XP level 11. HP: 88/91 MP: 16/18
 15393 | D:9      | Found Geas's General Store.
 15678 | D:9      | Found a bloodstained altar of Trog.
 15740 | D:9      | Found a burning altar of Makhleb.
 15740 | D:9      | Found a sacrificial altar of Ru.
 15875 | D:10     | Found a staircase to the Lair.
 15911 | D:10     | Noticed a hill giant
 15939 | D:10     | Killed a hill giant
 16150 | D:10     | Noticed Nergalle
 16158 | D:10     | Got a distressingly furry robe
 16169 | D:10     | Identified the cursed +0 robe "Ziudesuo" {rC+} (You found it on level 10 of the Dungeon)
 16376 | D:10     | HP: 6/141 [yak (7)]
 16381 | D:10     | HP: 3/141 [yak (1)]
 16401 | D:10     | Reached skill level 13 in Staves
 16940 | D:10     | Noticed a hill giant
 16961 | D:10     | Killed a hill giant
 17176 | D:10     | Killed an unseen horror
 17815 | D:9      | Found an opulent altar of Gozag.
 18373 | Lair:1   | Entered Level 1 of the Lair of Beasts
 18899 | Lair:1   | Noticed a six-headed hydra
 20197 | D:12     | Noticed a hill giant
 20213 | D:12     | Killed a hill giant
 20397 | D:12     | Noticed a hill giant
 20651 | D:12     | Reached XP level 12. HP: 40/106 MP: 21/21
 20915 | D:12     | Noticed a five-headed hydra
 20935 | D:12     | Killed a five-headed hydra
 20935 | D:12     | Reached skill level 14 in Staves
 21909 | Lair:1   | Reached skill level 1 in Evocations
 22155 | Lair:1   | Noticed a four-headed hydra
 22811 | Lair:2   | HP: 5/106 [poisoned by a spiny frog]
 22816 | Lair:2   | HP: 4/106 [poisoned by a spiny frog]
 22821 | Lair:2   | HP: 3/106 [poisoned by a spiny frog]
 22828 | Lair:2   | HP: 3/106 [poisoned by a spiny frog]
 22836 | Lair:2   | HP: 3/106 [poisoned by a spiny frog]
 23425 | Lair:2   | Reached skill level 5 in Dodging
 24996 | Lair:3   | Found a staircase to the Snake Pit.
 26262 | Lair:4   | Found a staircase to the Swamp.
 26617 | Lair:1   | Killed a four-headed hydra
 27479 | Lair:5   | Reached XP level 13. HP: 103/113 MP: 22/22
 28757 | Lair:5   | Reached skill level 10 in Dodging
 29448 | Lair:6   | Found a staircase to the Slime Pits.
 29449 | Lair:6   | Found a viscous altar of Jiyva.
 30248 | Lair:7   | Noticed Nessos
 30681 | Lair:7   | Learned a level 3 spell: Regeneration
 30706 | Lair:7   | Reached skill level 1 in Charms
 30742 | Lair:8   | Entered Level 8 of the Lair of Beasts
 31864 | Lair:8   | Reached skill level 10 in Fighting
 31955 | Lair:8   | HP: 1/113 [spriggan rider/spear (13)]
 31956 | Lair:8   | Demolished by a spriggan rider

Vault maps used:
D:1:      lemuel_arrival_river_bridge, minmay_bisected
D:2:      old_standard_altar, nicolae_overflow_crystal_walls, first_bread
D:3:      overflow_temple_1_default, xom_butterflies, ecumenical_altar_2,
          makhleb_altar_promises_db
D:4:      old_standard_altar, overflow_temple_1_default, temple_statues,
          gup_sewer_entry_bowl, enter_ossuary_2, serial_undead, serial_undead_d,
          serial_undead_b, serial_undead_b, serial_undead_f,
          okawaru_ov_weapons_minmay
D:5:      serial_shops, kennysheep_mini_moat, basic_altar, xom_teletrap_fun,
          uniq_blork_the_orc
D:7:      grunt_livestock, uniq_duvessa, uniq_joseph
D:8:      corexii_shantytown, kennysheep_mini, kennysheep_little_box,
          serial_shops, shop, elyvilon_altar_5, uniq_psyche, uniq_maurice,
          uniq_erolcha
D:9:      bloody_trog, nicolae_overflow_hidden_temple, old_standard_altar,
          gammafunk_temple_overflow_elements,
          kennysheep_orc_monster_closet_entryway, serial_ice, serial_ice_d,
          serial_ice_h, serial_ice_i, serial_ice_a, serial_ice_o, serial_ice_f,
          serial_ice_m, serial_ice_g, serial_ice_b, serial_ice_n, serial_shops,
          nicolae_shop_behind_doors
D:10:     lair_0_dummy, st_stairs_10, minmay_stone_trees_small,
          eino_tiny_chamber, uniq_nergalle
D:12:     minivault_1, minivault_26
Lair:1:   grunt_megastairs_1, lemuel_fruit_tree
Lair:2:   grunt_forest_large_clearings, bh_autumn_forest_stairs
Lair:3:   guppyfry_snake_entry_island
Lair:4:   swamp_mist_pool, infiniplex_staircase_pool_2, serial_bayou_shore_a
Lair:5:   lemuel_ratsnest, grunt_megastairs_4
Lair:6:   slime_altar_1, minivault_19
Lair:7:   lab_entry_generic, st_stairs_6, uniq_nessos
Lair:8:   minmay_lair_end_enchanted_forest, kilobyte_rumbling_trees,
          grunt_megastairs_5
Abyss:2:  evilmike_abyss_exit_12
Ossuary:  ossuary_due_mausoleum
